Map: Ulrena

Players

juhyg - Winner!

  • Race: Zerg Zerg
  • League: Bronze

A.I. 1 (Medium)

  • Race: Terran Terran

VOD

Have the link to the VOD?

Description

Time

  • Played on: Feb. 6, 2016, 12:04 a.m.
  • Length: 16:14
Show
View Real Time Build Order
Export as new Build Order

juhyg Zerg - Winner!

Build Orders: Hatch First 

Get SALT Encoding   

  12  0:32  Hatchery  
  11  0:41  Overlord  
  11  0:44  Drone x2  
  13  0:54  Drone  
  14  1:10  Spawning Pool  
  13  1:13  Drone  
  14  1:18  Drone  
  14  1:23  Extractor  
  14  1:26  Extractor  
  14  1:27  Drone  
  14  1:49  Drone x2  
  16  1:54  Drone  
  16  1:58  Queen  
  16  2:00  Drone  
  20  2:04  Drone  
  21  2:13  Drone  
  22  2:16  Drone  
  22  2:19  Drone  
  24  2:31  Queen  
  26  2:45  Overlord  
  26  2:46  Overlord  
  26  2:51  Metabolic Boost  
  26  3:05  Roach Warren  
  25  3:15  Drone x2  
  25  3:16  Drone x2  
  29  3:20  Drone  
  29  3:21  Drone  
  31  3:38  Lair  
  31  3:41  Drone x2  
  31  3:42  Drone  
  34  3:55  Zergling x6  
  37  3:56  Roach x2  
  41  4:05  Drone x3  
  44  4:10  Overlord  
  44  4:11  Overlord  
  44  4:30  Roach x4  
  44  4:31  Roach x2  
  54  4:40  Hydralisk Den  
  49  5:09  Drone x3  
  49  5:10  Drone x7  
  49  5:14  Extractor  
  58  5:18  Extractor  
  57  5:27  Hatchery  
  56  5:40  Drone  
  56  5:41  Drone x2, Overlord  
  56  5:42  Overlord x5  
  59  6:04  Muscular Augments  
  59  6:05  Glial Reconstitution  
  59  6:25  Infestation Pit  
  58  6:30  Overlord x3  
  58  6:31  Overlord x3  
  58  6:33  Spire  
  57  6:45  Drone x3  
  60  7:18  Hydralisk x5  
  60  7:19  Hydralisk x6  
  60  7:21  Hydralisk  
  84  7:34  Hatchery  
  83  8:05  Mutalisk x4  
  83  8:06  Mutalisk x6  
  103  8:30  Zerg Flyer Weapons Level 1  
  103  8:44  Queen  
  103  9:11  Mutalisk  
  103  9:12  Mutalisk x5  
  115  9:24  Drone x5  
  117  9:25  Drone x3  
  124  9:38  Zergling x6  
  124  9:39  Zergling x10  
  131  10:16  Lurker Den  
  131  10:20  Hive  
  131  10:25  Zerg Flyer Armor Level 1  
  131  10:27  Evolution Chamber  
  130  10:51  Corruptor x3  
  130  10:52  Corruptor x3  
  130  10:54  Zergling x12  
  148  11:03  Queen  
  150  11:22  Roach x5  
  150  11:23  Zergling x4, Roach  
  150  11:25  Zergling x6  
  166  11:26  Zergling x2  
  166  11:32  Zerg Melee Weapons Level 1  
  168  11:46  Overseer x3  
  168  11:50  Overseer  
  168  11:56  Overlord x2  
  168  11:57  Overlord x5  
  168  12:18  Zerg Flyer Weapons Level 2  
  168  12:20  Hatchery  
  167  12:32  Adrenal Glands  
  153  13:00  Roach x7  
  153  13:01  Roach x6  
  179  13:27  Zerg Missile Weapons Level 1  
  170  14:24  Extractor  
  170  14:27  Extractor  
  168  14:35  Roach x4  
  168  14:36  Roach x6  
  168  14:37  Roach x6  
Show
View Real Time Build Order
Export as new Build Order

A.I. 1 (Medium) Terran 

Build Orders:  

Get SALT Encoding   

  12  0:00  SCV  
  13  0:13  SCV  
  14  0:20  Supply Depot  
  14  0:25  SCV  
  15  0:42  SCV  
  16  0:47  Barracks  
  16  0:49  Refinery  
  16  0:54  SCV  
  17  1:06  SCV  
  18  1:16  Supply Depot  
  18  1:34  Marine  
  18  1:35  Orbital Command  
  19  1:46  Barracks  
  19  1:53  Barracks Tech Lab  
  19  2:08  Supply Depot  
  19  2:10  SCV  
  19  2:11  Marine  
  21  2:20  Refinery  
  21  2:22  SCV  
  22  2:29  Marine  
  23  2:31  Engineering Bay  
  23  2:32  Marine  
  23  2:34  SCV  
  25  2:46  SCV  
  25  2:47  Marauder  
  28  2:58  SCV  
  29  3:08  Marauder  
  29  3:10  SCV  
  32  4:11  Barracks Tech Lab  
  32  4:12  Marine, SCV  
  32  4:15  Factory  
  32  4:16  Missile Turret  
  34  4:18  Supply Depot  
  34  4:19  Missile Turret  
  35  4:24  SCV  
  35  4:27  Barracks  
  35  4:29  Marine  
  36  4:36  Marine  
  36  4:41  Bunker  
  36  4:43  Supply Depot  
  36  4:44  Command Center  
  33  4:48  Marine  
  30  4:58  Factory Tech Lab  
  30  4:59  Marine  
  30  5:01  Starport  
  31  5:11  Marine  
  32  5:23  Marauder  
  32  5:26  Sensor Tower  
  34  5:34  Marauder  
  36  5:40  Starport Tech Lab  
  36  5:44  Armory  
  36  5:45  Widow Mine  
  38  5:51  Barracks Reactor  
  38  5:56  SCV  
  39  5:58  Raven  
  39  5:59  SCV  
  42  6:08  SCV  
  42  6:09  Refinery  
  44  6:11  SCV  
  44  6:14  Widow Mine  
  44  6:16  Missile Turret  
  45  6:18  Missile Turret  
  45  6:20  SCV  
  45  6:22  Refinery  
  45  6:23  SCV  
  47  6:32  SCV  
  48  6:35  SCV  
  48  6:38  Bunker  
  49  6:41  Raven  
  49  6:43  Siege Tank  
  49  6:44  SCV  
  55  6:47  SCV  
  56  6:57  SCV  
  56  6:59  SCV  
  58  7:09  SCV  
  58  7:11  SCV  
  60  7:21  SCV  
  61  7:24  SCV  
  61  7:27  Supply Depot  
  62  7:33  SCV  
  62  7:36  SCV  
  64  7:45  SCV  
  64  7:48  SCV  
  66  7:57  SCV  
  67  8:00  SCV  
  68  8:09  SCV  
  69  8:22  Medivac, Siege Tank  
  69  8:24  Factory  
  69  8:25  Stimpack  
  74  8:27  Starport  
  74  8:29  Supply Depot  
  74  8:34  Combat Shields  
  74  8:44  Terran Infantry Weapons Level 1  
  74  8:46  Command Center, Engineering Bay  
  74  8:52  Medivac, Supply Depot  
  74  8:54  Siege Tank  
  67  8:56  Marine  
  59  9:03  Starport Tech Lab  
  59  9:04  Marine  
  59  9:07  Factory Tech Lab  
  60  9:12  Marine  
  61  9:20  Marine  
  61  9:21  Raven  
  61  9:22  Raven  
  66  9:28  Siege Tank  
  69  9:35  Supply Depot  
  69  9:36  Siege Tank  
  72  9:42  Terran Infantry Armor Level 1  
  72  9:43  Marine  
  73  9:51  Marine  
  73  9:52  Ghost Academy  
  74  9:59  Marine, SCV  
  76  10:02  SCV  
  76  10:03  Raven  
  76  10:05  SCV  
  76  10:06  Refinery  
  80  10:07  Marine  
  80  10:09  Missile Turret  
  80  10:11  Missile Turret, SCV  
  82  10:14  SCV  
  82  10:15  Marine  
  82  10:16  Fusion Core  
  82  10:17  SCV  
  82  10:18  Refinery  
  85  10:23  Siege Tank  
  85  10:24  Armory  
  88  10:31  Siege Tank  
  88  10:33  Bunker  
  91  10:38  Marine  
  92  12:24  Marauder  
  92  12:25  Terran Infantry Weapons Level 2, Terran Infantry Armor Level 2  
  92  12:26  Terran Vehicle Weapons Level 1  
  92  12:27  Marauder, Terran Ship Weapons Level 1  
  92  12:28  Supply Depot  
  96  12:30  Marine  
  96  12:33  Marine  
  94  12:46  Marauder, Concussive Shells  
  94  12:47  Raven  
  94  12:48  Marine, Ghost  
  94  12:49  Raven  
  94  12:50  Marine  
  70  13:05  Marine  
  70  13:07  Marine  
  70  13:08  Marine  
  73  13:17  Marauder  
  75  13:23  Marine  
  75  13:24  Marine  
  75  13:26  Marine  
  78  13:30  Medivac  
  78  13:32  Medivac  
  82  13:38  Marine  
  82  13:39  SCV  
  73  13:41  Marine  
  73  13:42  Marine  
  73  13:43  SCV  
  73  13:44  Marine  
  52  13:49  Hellion  
  52  13:51  SCV  
  52  13:55  SCV, Ghost  
  54  13:59  Marine  
  54  14:00  Raven, Marine  
  54  14:02  Missile Turret, Marine  
  57  14:04  SCV  
  57  14:07  SCV  
  57  14:08  Hellion  
  61  14:12  Missile Turret  
  61  14:16  SCV  
  61  14:17  Marine  
  62  14:18  Marine  
  62  14:19  SCV  
  62  14:20  Marine  
  62  14:21  Command Center  
  66  14:24  Marine  
  66  14:28  SCV, Hellion  
  66  14:30  Command Center, Refinery  
  70  14:31  SCV  
  70  14:34  Refinery, Marine  
  70  14:36  Marauder  
  70  14:37  Marine  
  75  14:40  SCV  
  75  14:42  Marine  
  75  14:43  SCV  
  78  14:46  Viking  
  78  14:52  Marine, SCV  
  81  14:55  SCV  
  81  14:57  Ghost  
  81  14:58  Marine  
  86  15:00  Marauder  
  86  15:04  SCV  
  89  15:08  SCV  
  89  15:10  Marine  
  91  15:16  SCV  
  91  15:19  Medivac  
  91  15:20  Marine  
  82  15:22  Marauder  
  82  15:24  Medivac  
  82  15:26  Marine  
  82  15:28  Marine  
  63  15:38  Marine  
  54  15:43  Marauder, Ghost  
  54  15:46  Marine  
  54  15:49  SCV  
  37  15:55  Marine  
Tags
 
League
Bronze
Matchup
TvZ
Add a new tag
Caveats
  • Supply blocks, unpowered buildings, or Contaminate may cause inaccurate times.
  • Supply counts are checked every 10 seconds.